Map: Proxima Station LE

Players

Teach - Winner!

  • Race: Zerg Zerg
  • League: Master
  • Spawn Location: 1:00

Cheater 1 (Insane)

  • Race: Terran Terran
  • Spawn Location: 7:00

VOD

Have the link to the VOD?

Description

Time

  • Played on: May 18, 2017, 10:30 a.m.
  • Length: 15:18
Show
View Real Time Build Order
Export as new Build Order

Teach Zerg - Winner!

Build Orders: Hatch First 

Get SALT Encoding   

  12  0:00  Drone  
  13  0:12  Overlord  
  13  0:17  Drone  
  14  0:30  Drone x2  
  14  0:34  Drone  
  17  0:53  Hatchery  
  17  0:56  Drone  
  17  1:00  Drone  
  18  1:10  Extractor  
  17  1:15  Spawning Pool  
  17  1:18  Drone  
  17  1:22  Drone  
  18  1:28  Drone  
  19  1:39  Overlord  
  19  1:53  Drone  
  20  2:00  Drone  
  21  2:05  Hatchery, Drone  
  21  2:11  Drone  
  22  2:17  Drone  
  22  2:20  Queen  
  25  2:24  Drone  
  26  2:32  Drone  
  26  2:35  Lair  
  27  2:39  Drone  
  27  2:40  Drone  
  27  2:44  Drone  
  30  2:48  Drone  
  31  2:56  Queen, Drone  
  34  3:06  Zergling x2  
  34  3:07  Drone  
  36  3:15  Overlord  
  36  3:19  Queen  
  36  3:21  Overlord  
  36  3:22  Drone x2  
  40  3:30  Drone x2  
  42  3:34  Queen  
  42  3:37  Queen  
  42  3:40  Drone x3  
  42  3:41  Drone, Infestation Pit  
  48  3:43  Drone  
  48  3:47  Overlord  
  50  3:51  Drone x2  
  50  3:54  Drone  
  53  4:00  Drone x2  
  55  4:08  Drone x4  
  59  4:10  Extractor  
  59  4:11  Extractor  
  59  4:15  Extractor  
  56  4:17  Drone x2  
  58  4:26  Overlord x2  
  58  4:27  Drone  
  59  4:33  Overlord  
  59  4:34  Drone x4  
  59  4:38  Overlord x3  
  63  4:40  Drone  
  64  4:48  Drone x4  
  68  4:53  Hive  
  68  4:55  Drone x2  
  68  4:57  Extractor  
  68  4:58  Extractor  
  68  5:01  Spire  
  67  5:13  Drone x2  
  69  5:14  Drone x3  
  69  5:15  Drone x3  
  69  5:16  Overlord x2  
  75  5:25  Spine Crawler  
  75  5:26  Spine Crawler x2, Drone x3  
  75  5:27  Spine Crawler  
  74  5:33  Drone x5  
  79  5:43  Drone x2  
  79  5:44  Spine Crawler x2  
  79  5:45  Drone  
  79  5:46  Spine Crawler  
  79  5:47  Drone x2  
  79  5:48  Drone  
  82  6:07  Spine Crawler x2  
  82  6:08  Spine Crawler  
  82  6:09  Spine Crawler, Drone x5  
  82  6:10  Overlord  
  83  6:13  Greater Spire  
  83  6:19  Corruptor x3  
  83  6:20  Corruptor  
  83  6:24  Corruptor  
  93  6:26  Corruptor  
  93  6:30  Corruptor  
  97  6:47  Overlord x2  
  97  6:53  Evolution Chamber  
  95  6:55  Evolution Chamber  
  94  7:11  Hatchery  
  93  7:20  Overlord x2  
  93  7:27  Brood Lord  
  93  7:28  Brood Lord x6  
  107  7:30  Zerg Flyer Weapons Level 1  
  107  7:31  Zerg Melee Weapons Level 1  
  107  7:32  Zerg Ground Armor Level 1  
  107  7:40  Overlord x2  
  107  7:50  Extractor  
  107  7:51  Extractor, Adrenal Glands  
  105  8:01  Drone x3  
  108  8:18  Overlord x4  
  108  8:31  Corruptor x3  
  108  8:32  Corruptor x3  
  120  8:34  Hatchery  
  120  8:35  Extractor, Zergling x26  
  120  8:36  Zergling x14  
  120  8:39  Extractor  
  137  8:43  Zergling x14  
  144  9:11  Infestor  
  144  9:12  Infestor x4  
  144  9:14  Burrow  
  154  9:23  Metabolic Boost  
  154  9:29  Zerg Melee Weapons Level 2, Zerg Ground Armor Level 2  
  154  9:31  Zerg Flyer Weapons Level 2  
  153  10:03  Baneling Nest  
  153  10:06  Brood Lord x5  
  162  10:12  Brood Lord  
  164  10:15  Overseer  
  164  10:17  Pneumatized Carapace  
  164  10:41  Ultralisk Cavern  
  163  10:50  Drone x8  
  163  10:54  Drone x4  
  175  11:03  Corruptor x4  
  175  11:04  Corruptor x6  
  195  11:16  Corruptor x2  
  199  11:31  Chitinous Plating  
  199  12:03  Centrifical Hooks  
  199  12:04  Zerg Melee Weapons Level 3  
  199  12:05  Zerg Flyer Weapons Level 3, Zerg Ground Armor Level 3  
  199  12:34  Zergling x6  
  199  12:35  Zergling x14  
  185  12:39  Zergling x14, Ultralisk  
  185  12:40  Ultralisk  
  194  13:12  Zergling x14  
  182  13:58  Extractor, Hatchery  
  178  14:02  Extractor  
  165  14:36  Zergling x2  
  165  14:37  Zergling x40  
Show
View Real Time Build Order
Export as new Build Order

Cheater 1 (Insane) Terran 

Build Orders: MMM Bio 

Get SALT Encoding   

  12  0:00  SCV  
  13  0:13  SCV  
  14  0:18  Supply Depot  
  14  0:25  SCV  
  15  0:40  SCV  
  15  0:42  Barracks  
  16  0:52  SCV  
  17  1:04  SCV  
  18  1:07  Supply Depot  
  18  1:11  Refinery  
  18  1:16  SCV  
  19  1:28  Marine, SCV  
  21  1:40  SCV  
  21  1:46  Marine  
  23  1:48  Refinery  
  23  1:52  SCV  
  24  1:57  Barracks  
  24  2:04  Marine, SCV  
  26  2:09  Factory  
  26  2:16  SCV  
  26  2:22  Marine  
  28  2:25  Supply Depot  
  28  2:27  Factory  
  28  2:28  SCV  
  29  2:39  Marine  
  29  2:41  SCV  
  31  2:46  Marine, Barracks  
  32  2:53  SCV  
  32  2:54  Factory Tech Lab  
  32  2:57  Marine  
  34  3:05  SCV  
  35  3:13  Factory Tech Lab, Supply Depot  
  35  3:17  SCV  
  36  3:29  SCV  
  37  3:34  Siege Tank  
  37  3:35  Siege Tank  
  37  3:37  Supply Depot  
  43  3:41  SCV  
  43  3:48  Supply Depot  
  44  3:53  SCV  
  45  3:58  Marine  
  46  4:03  Supply Depot  
  46  4:05  SCV  
  46  4:06  Siege Tank  
  46  4:08  Armory  
  46  4:09  Marine, Siege Tank  
  54  4:17  SCV  
  55  4:27  Supply Depot  
  55  4:28  Marine  
  55  4:29  SCV  
  57  4:39  Siege Tank  
  57  4:41  Siege Tank  
  57  4:42  SCV, Armory  
  64  4:49  Supply Depot  
  64  4:54  SCV  
  64  4:59  Supply Depot  
  65  5:00  Marine  
  65  5:05  Barracks Tech Lab  
  65  5:06  SCV  
  67  5:11  Siege Tank  
  67  5:12  Marine  
  71  5:18  SCV  
  71  5:19  Engineering Bay  
  71  5:20  Command Center  
  72  5:24  Marauder  
  72  5:25  Stimpack  
  74  5:29  Supply Depot  
  74  5:30  SCV  
  75  5:41  Engineering Bay  
  75  5:42  SCV  
  76  5:46  Marauder  
  76  5:49  Terran Infantry Weapons Level 1  
  78  5:50  Marine  
  78  5:51  Marine  
  78  5:54  SCV  
  81  6:03  Barracks  
  81  6:07  Terran Infantry Armor Level 1, Marauder  
  81  6:08  Marine  
  81  6:10  Marine  
  85  6:16  Missile Turret  
  85  6:17  Terran Vehicle Weapons Level 1  
  85  6:28  Marauder  
  85  6:31  Supply Depot  
  85  6:32  SCV, Terran Vehicle And Ship Armor Level 1  
  88  6:33  SCV  
  89  6:41  Refinery  
  89  6:44  Missile Turret  
  89  6:47  Missile Turret, Barracks Tech Lab, Orbital Command  
  89  6:49  Barracks Reactor, Refinery  
  89  6:50  Marauder  
  89  6:51  Starport  
  91  6:56  Command Center  
  91  7:04  Combat Shields, SCV  
  91  7:05  Marauder  
  91  7:06  Missile Turret  
  94  7:11  Marauder  
  96  7:16  SCV  
  96  7:17  SCV, Widow Mine  
  96  7:19  Widow Mine  
  102  7:26  Missile Turret, Marauder  
  102  7:27  Concussive Shells, Medivac  
  102  7:28  SCV  
  102  7:29  Supply Depot  
  107  7:33  Marauder  
  109  7:44  Terran Infantry Weapons Level 2  
  109  7:46  Widow Mine  
  109  7:47  Barracks, Orbital Command, Widow Mine  
  109  7:48  Marauder  
  115  7:53  Supply Depot  
  115  7:54  Marauder  
  115  7:58  Starport Reactor  
  117  8:09  Marauder  
  117  8:10  SCV x2  
  117  8:12  SCV, Refinery  
  122  8:15  Marauder  
  124  8:20  Terran Vehicle Weapons Level 2  
  124  8:22  SCV  
  124  8:25  SCV x2  
  127  8:30  Missile Turret  
  127  8:31  Refinery, Marauder  
  127  8:33  Supply Depot  
  127  8:34  SCV, Medivac, Viking  
  134  8:35  Missile Turret  
  134  8:37  SCV, Marauder  
  134  8:38  Orbital Command  
  137  8:46  SCV  
  138  8:49  SCV  
  138  8:52  Marauder  
  138  8:53  Marine x2, Hi-Sec Auto Tracking  
  138  8:54  Marine  
  144  8:58  Marine, SCV, Supply Depot, Marauder  
  144  9:01  SCV  
  149  9:04  SCV, Medivac, Viking  
  154  9:10  SCV  
  154  9:13  Marauder  
  157  9:18  SCV x2  
  157  9:19  Marauder  
  157  9:22  SCV  
  157  9:23  Supply Depot  
  162  9:30  SCV  
  163  9:34  Medivac x2  
  163  9:35  Marauder  
  169  9:45  SCV x2  
  171  9:46  Supply Depot  
  171  9:50  Terran Infantry Armor Level 2  
  171  9:52  Missile Turret  
  171  9:56  Terran Vehicle And Ship Armor Level 2  
  171  9:58  SCV  
  171  9:59  Hellion  
  174  10:00  Terran Infantry Weapons Level 3  
  174  10:03  Medivac  
  174  10:04  Medivac  
  178  10:08  Hellion  
  178  10:09  Supply Depot  
  178  10:12  Starport  
  178  10:14  Missile Turret  
  180  10:18  Barracks Tech Lab  
  180  10:20  Hellion  
  182  10:29  Hellion  
  182  10:33  Medivac, Supply Depot  
  182  10:34  Viking  
  188  10:35  Missile Turret  
  188  10:38  Terran Vehicle Weapons Level 3  
  188  10:42  Hellion  
  190  10:48  Viking  
  192  10:51  Hellion, Unknown  
  192  10:52  Infernal Pre-Igniter  
  194  11:03  Hellion  
  196  11:06  Marine  
  196  11:07  Marine  
  196  11:08  Marine x2  
  196  11:10  Marine x2  
  191  11:12  Hellion  
  191  11:14  Viking x2  
  171  11:18  Starport Tech Lab  
  171  11:24  Marine, Hellion  
  171  11:25  Marine x2  
  173  11:28  Marauder x2  
  178  11:33  Siege Tank  
  178  11:36  Viking  
  183  11:43  Marauder  
  183  11:44  Marine x2, Viking x2  
  183  11:46  Hellion  
  193  11:49  Marauder  
  193  11:50  Marauder  
  197  12:02  High Capacity Fuel Tanks  
  197  12:04  Marauder  
  197  12:06  Building Armor  
  199  12:12  Terran Ship Weapons Level 1  
  199  12:13  Command Center  
  199  12:17  Factory  
  199  12:20  Raven  
  198  12:28  Cyclone  
  198  12:30  Marine x2  
  198  12:31  Marine x4  
  198  12:33  Medivac  
  198  12:34  Viking  
  198  12:37  Siege Tank  
  142  12:48  Marine x2  
  142  12:49  Marine x2, Marauder  
  142  12:50  Marauder  
  135  13:00  Widow Mine  
  135  13:03  Viking  
  135  13:04  Medivac  
  125  13:06  Marine x3  
  125  13:08  Marauder  
  125  13:09  Hellion  
  125  13:10  Marine, Marauder  
  85  13:24  Marine x3  
  85  13:25  SCV x3  
  84  13:29  Cyclone, Marauder x2  
  84  13:30  Siege Tank  
  84  13:31  Marine  
  84  13:33  Viking  
  84  13:34  Ghost Academy  
  84  13:37  SCV x2  
  84  13:38  SCV  
  74  13:41  Missile Turret  
  74  13:42  Marine x3  
  68  13:49  SCV x2, Marauder  
  68  13:50  Marine x2, SCV  
  68  13:52  Missile Turret  
  69  13:59  Marine  
  69  14:01  SCV x2  
  69  14:02  SCV, Siege Tank x2  
  67  14:08  Marauder x2  
  57  14:10  Marine  
  57  14:11  Refinery  
  57  14:13  SCV x2  
  57  14:14  SCV  
  42  14:17  Ghost Academy  
  36  14:25  SCV  
  36  14:26  SCV x2  
  36  14:30  Missile Turret, Marauder  
  40  14:34  Refinery  
  40  14:38  SCV x3  
  17  14:50  SCV x3  
  17  14:53  Command Center  
  13  15:02  SCV x2  
  13  15:05  Refinery  
Tags
 
Composition
MMM Bio
League
Master
Matchup
TvZ
Spawn Locations
Cross Positions
Add a new tag
Caveats
  • Supply blocks, unpowered buildings, or Contaminate may cause inaccurate times.
  • Supply counts are checked every 10 seconds.